 Dungeon Crawl Stone Soup version 0.24.0-125-gc4c63601f3 (webtiles) character file.

Game seed: 5670149894873204517, levelgen mode: deterministic

3296 shakethe the Grappler (level 9, 0/72 HPs)
             Began as a Demonspawn Gladiator on Mar 17, 2020.
             Killed from afar by an electric eel (8 damage)
             ... with a bolt of electricity
             ... on level 7 of the Dungeon.
             The game lasted 00:18:37 (8469 turns).

shakethe the Grappler (Demonspawn Gladiator)        Turns: 8469, Time: 00:18:38

Health: 0/72       AC: 20    Str: 16    XL:     9   Next: 70%
Magic:  9/9        EV:  6    Int: 11    God:
Gold:   418        SH:  0    Dex: 15    Spells: 8/8 levels left

rFire    + . .     SeeInvis .     - Unarmed
rCold    . . .     Gourm    .   (no shield)
rNeg     . . .     Faith    .   F - +0 plate armour
rPois    +         Spirit   .   c - +0 helmet
rElec    .         Reflect  .   (no cloak)
rCorr    .         Harm     .   (no gloves)
MR       +....                  J - +2 pair of boots
Stlth    ..........             t - amulet of magic regeneration
HPRegen  0.22/turn              l - ring of protection from magic
MPRegen  0.36/turn              I - ring of poison resistance

@: no status effects
A: claws 2, icy blue scales 2, demonic guardian 1, fire resistance 1
a: no special abilities


You were on level 7 of the Dungeon.
You were not hungry.

You visited 2 branches of the dungeon, and saw 8 of its levels.

You collected 418 gold pieces.

Inventory:

Hand Weapons
 a - a +0 long sword
Missiles
 d - 4 throwing nets (quivered)
Armour
 c - a +0 helmet (worn)
 u - a +1 scale mail of fire resistance
 F - a +0 plate armour (worn)
 J - a +2 pair of boots (worn)
Jewellery
 l - a ring of protection from magic (left claw)
 t - an amulet of magic regeneration (around neck)
 G - an uncursed ring of wizardry
 I - a ring of poison resistance (right claw)
Wands
 b - a wand of paralysis (3)
 v - a wand of scattershot (6)
 B - a wand of iceblast (6)
Scrolls
 e - 8 scrolls of identify
 h - 7 scrolls of remove curse
 j - a scroll of amnesia {unknown}
 n - 4 scrolls of teleportation
 o - a scroll of fog {unknown}
 p - a scroll of blinking {unknown}
 r - a scroll of noise {unknown}
 w - a scroll of fear {unknown}
 y - 3 scrolls of magic mapping {unknown}
 A - a scroll of enchant weapon {unknown}
 E - a scroll of enchant armour {unknown}
Potions
 g - a potion of agility
 i - 2 potions of lignification {unknown}
 m - 4 potions of degeneration {unknown}
 q - a potion of mutation {unknown}
 s - a potion of heal wounds {unknown}
 x - a potion of flight
 z - a potion of might
 C - a potion of cancellation {unknown}
 D - a potion of resistance {unknown}
 H - a potion of magic {unknown}
Comestibles
 f - 15 rations


   Skills:
 + Level 7.3 Fighting
 - Level 3.1 Long Blades
 - Level 1.7 Throwing
 + Level 5.8 Armour
 - Level 2.6 Dodging
 * Level 8.9 Unarmed Combat


You had 8 spell levels left.
You didn't know any spells.
Your spell library was empty.

Dungeon Overview and Level Annotations

Branches:
Dungeon (7/15)             Temple (1/1) D:5

Altars:
Ashenzari
Cheibriados
Dithmenos
Fedhas
Gozag
Hepliaklqana
Kikubaaqudgha
Nemelex Xobeh
Qazlal
Ru
Sif Muna
Trog
Uskayaw
Vehumet
Wu Jian
Xom
Zin


Innate Abilities, Weirdness & Mutations

You have very sharp fingernails.
You are mostly covered in icy blue scales. (AC +3)
A weak demonic guardian rushes to your aid.
Your flesh is heat resistant. (rF+)


Message History

You are too injured to fight recklessly!
You feel better.
Your iron imp hits the plant.
The electric eel shoots out a bolt of lightning at you!
The bolt of electricity hits you.
* * * LOW HITPOINT WARNING * * *
Your iron imp hits the plant but does no damage.
The electric eel shoots out a bolt of lightning at you!
The bolt of electricity hits you.
* * * LOW HITPOINT WARNING * * *
The electric eel shoots out a bolt of lightning at you!
The bolt of electricity hits the plant!
The bolt of electricity hits you.
* * * LOW HITPOINT WARNING * * *
You feel better.
The electric eel shoots out a bolt of lightning at you!
The bolt of electricity hits you!
* * * LOW HITPOINT WARNING * * *
Your iron imp hits the plant!
The electric eel shoots out a bolt of lightning at you!
The bolt of electricity hits the plant!
The bolt of electricity hits you!
You die...

##.####.....######..>#..<.).....
##........####≈≈..'...#..#####...
....#########≈#####..##..# #...
.#.## ##...≈≈##≈≈≈##....## #..#
.#.# ##≈######;;!≈≈####.# #..#
...# #≈##≈;;##?$.;.# #.# #...
#### #≈#≈≈.≈≈#?P≈P≈# #.######...
#≈#.≈.$≈#PP.P≈# #......####
#≈#=PP.?#5.@..# #.####.##..
#.#.≈...#.....# #.# #.##..
#.#.....##..'### #.####.##.. #.#
#####..# #......##.. #.##
+##≈≈≈..## ######.....
##≈####.≈÷##### #.........
##≈≈...###########.........
###########......##.........
#.........'......##.........


You could see 3 electric eels and a friendly iron imp.

Vanquished Creatures
  Harold (D:7)
  Grinder (D:6)
  A spriggan (D:7)
  Eustachio (D:6)
  Menkaure (D:5)
  A water moccasin (D:7)
  Duvessa (D:6)
  An orc warrior (D:6)
  A phantom (D:6)
  3 ogres (D:4)
  A bullfrog (D:7)
  A gnoll sergeant (D:5)
  A scorpion (D:6)
  Dowan (D:6)
  5 wights (D:6)
  2 howler monkeys
  4 crimson imps
  A bullfrog zombie (D:7)
  3 hounds
  3 iguanas
  5 orc wizards
  A statue (D:5)
  4 worker ants
  3 gnolls
  9 adders
  2 shadow imps
  2 oozes
  An adder skeleton (D:4)
  2 worms
  A dart slug (D:1)
  6 leopard geckos
  26 orcs
  3 ball pythons
  7 bats
  4 giant cockroaches
  6 goblins
  12 hobgoblins
  4 jackals (D:6)
  11 kobolds
  2 quokkas
  8 frilled lizards
  A jackal zombie (D:5)
  A quokka skeleton (D:4)
  9 rats
164 creatures vanquished.

Vanquished Creatures (collateral kills)
  An ice beast (D:6)
  A wyvern skeleton (D:6)
  A worker ant (D:6)
  A hound skeleton (D:4)
  A gnoll (D:6)
  An orc (D:6)
  A giant cockroach (D:4)
7 creatures vanquished.

Grand Total: 171 creatures vanquished

Notes
Turn   | Place    | Note
-------+----------+-------------------------------------------
     0 | D:1      | shakethe the Demonspawn Gladiator began the quest for the
                  | Orb.
     0 | D:1      | Reached XP level 1. HP: 16/16 MP: 1/1
   256 | D:1      | Gained mutation: A weak demonic guardian rushes to your
                  | aid. [demonic ancestry]
   256 | D:1      | Reached XP level 2. HP: 21/23 MP: 2/2
  1241 | D:2      | Gained mutation: You have sharp fingernails. [demonic
                  | ancestry]
  1241 | D:2      | Reached XP level 3. HP: 25/29 MP: 3/3
  1441 | D:2      | Reached skill level 1 in Unarmed Combat
  1812 | D:2      | Found a sparkling altar of Nemelex Xobeh.
  2425 | D:3      | Reached skill level 2 in Unarmed Combat
  2425 | D:3      | Gained mutation: You are partially covered in icy blue
                  | scales. (AC +2) [demonic ancestry]
  2425 | D:3      | Reached XP level 4. HP: 31/35 MP: 4/4
  2875 | D:3      | Reached skill level 1 in Armour
  2875 | D:3      | Reached skill level 3 in Unarmed Combat
  2875 | D:3      | Gained mutation: Your flesh is heat resistant. (rF+)
                  | [demonic ancestry]
  2875 | D:3      | Reached XP level 5. HP: 38/41 MP: 5/5
  3592 | D:4      | You fall into a shaft and drop 2 floors!
  3593 | D:6      | Noticed an ice beast
  3619 | D:6      | Reached XP level 6. HP: 33/48 MP: 6/6
  3744 | D:6      | Noticed an orc warrior
  3757 | D:6      | Killed an orc warrior
  3757 | D:6      | Reached skill level 4 in Unarmed Combat
  4152 | D:6      | Found an opulent altar of Gozag.
  4177 | D:6      | Noticed Duvessa
  4181 | D:6      | Noticed Dowan
  4183 | D:5      | Entered Level 5 of the Dungeon
  4189 | D:5      | Noticed Menkaure
  4198 | D:5      | Killed Menkaure
  4198 | D:5      | Gained mutation: You are mostly covered in icy blue scales.
                  | (AC +3) [demonic ancestry]
  4198 | D:5      | Reached XP level 7. HP: 38/55 MP: 7/7
  4301 | D:5      | Found a staircase to the Ecumenical Temple.
  4314 | Temple   | Entered the Ecumenical Temple
  4592 | D:4      | Reached skill level 5 in Unarmed Combat
  4927 | D:4      | Found a hazy altar of Hepliaklqana.
  5149 | D:4      | Reached skill level 5 in Fighting
  5554 | D:5      | Found a radiant altar of Vehumet.
  5598 | D:5      | Gained mutation: You have very sharp fingernails. [demonic
                  | ancestry]
  5598 | D:5      | Reached XP level 8. HP: 60/62 MP: 8/8
  6015 | D:5      | Reached skill level 6 in Unarmed Combat
  6777 | D:6      | Noticed Grinder
  6796 | D:6      | Killed Grinder
  6796 | D:6      | Reached skill level 7 in Unarmed Combat
  6873 | D:6      | Killed Dowan
  6883 | D:6      | Killed Duvessa
  6890 | D:6      | Noticed Eustachio
  6904 | D:6      | Reached XP level 9. HP: 48/70 MP: 9/9
  6911 | D:6      | Killed Eustachio
  7334 | D:7      | Reached skill level 5 in Armour
  7346 | D:7      | Found a snail-covered altar of Cheibriados.
  7460 | D:7      | Noticed Harold
  7776 | D:7      | Killed Harold
  7776 | D:7      | Reached skill level 8 in Unarmed Combat
  8465 | D:7      | HP: 2/72 [electric eel/bolt of electricity (8)]
  8469 | D:7      | Killed from afar by an electric eel

Levels and vault maps discovered:
D:1:      sevenhm_arrival_forest_fort_large_4, layout_basic
D:2:      layout_loops_cross, old_standard_altar, first_ration,
          minmay_misc_feat_tiny, hangedman_decor_growths, item_on_display_a
D:3:      layout_loops_ring
D:4:      layout_gridville, lemuel_doored_altar
D:5:      layout_loops_corners, vehumet_statue, minmay_temple_entry_ruins,
          uniq_menkaure
D:6:      layout_cave_pools, kennysheep_mini, minmay_holes, uniq_eustachio,
          uniq_grinder, uniq_duvessa, uniq_crazy_yiuf_cottage
D:7:      cheibrodos_two_vegetables, layout_basic, marbit_many_paths,
          the_bakery, uniq_harold
Temple:   chequers_temple_sunken

Skill      XL: |  1  2  3  4  5  6  7  8  9 |
---------------+----------------------------+-----
Long Blades    | 3 |  3.1
Fighting       | 3 4 5 6 7 |  7.3
Unarmed Combat | 2 3 4 5 7 8 |  8.9
Armour         | 1 2 3 4 5 |  5.8
Throwing       | |  1.7
Dodging        | |  2.6

Action                   |  1- 3 |  4- 6 |  7- 9 || total
-------------------------+-------+-------+-------++-------
Melee: Long sword        |    68 |       |       ||    68
       Unarmed           |    88 |   224 |   329 ||   641
       Punch             |       |     3 |     6 ||     9
  Use: Scroll            |       |     4 |       ||     4
       Potion            |       |     4 |     6 ||    10
 Stab: Sleeping          |     2 |       |       ||     2
       Distracted        |     1 |       |     2 ||     3
  Eat: Chunk             |     4 |     7 |    10 ||    21
       Ration            |       |       |     1 ||     1
Armor: Leather armour    |    52 |    17 |       ||    69
       Scale mail        |       |    65 |   104 ||   169
       Plate armour      |       |       |    36 ||    36
Dodge: Dodged            |   103 |   114 |   140 ||   357
       Rpst.: Long sword |    14 |       |       ||    14
